[Event "Oceania Zonal Open 2023"]
[Site "Melbourne"]
[Date "2023.01.26"]
[Round "5.12"]
[White "Brown, Joshua"]
[Black "Clarke, Matthew"]
[Result "0-1"]
[ECO "B90"]
[WhiteElo "1865"]
[BlackElo "2104"]
[Annotator "TA"]
[PlyCount "82"]
[EventDate "2023.01.09"]
[EventType "swiss"]
[EventCountry "AUS"]
[SourceTitle "playchess.com"]
[Source "ChessBase"]
[SourceQuality "1"]
[TimeControl "5400+30"]

1. e4 c5 2. Nf3 d6 3. d4 cxd4 4. Nxd4 Nf6 5. Nc3 a6 6. Be3 e5 7. Nb3 Be6 8. f3 h5 9. Qd2 Nbd7 10. O-O-O Be7 11. Kb1 b5 {[%emt 0:02:30] B90: Sicilian Najdorf: Unusual White 6th moves, 6 Be3 Ng4 and 6 Be3 e5.} 12. Nd5 Bxd5 13. exd5 Nb6 {[%emt 0:00:21] The position is equal.} 14. Na5 (14. Bxb6 $5 Qxb6 15. Bd3 $11) 14... Nbxd5 15. Nc6 Qc7 16. Nxe7 $1 Nxe3 (16... Kxe7 17. Bg5 Nb6 18. Bd3 $11) 17. Qxe3 {[%emt 0:11:47] [#]} Kxe7 $146 ({Predecessor:} 17... Qxe7 18. Bd3 O-O 19. Qg5 g6 20. f4 Rae8 21. h3 Nd7 22. Qh6 Qf6 23. f5 e4 {1-0 Elmi,S (2110)-Falkevall,A (2256) Nordic-ch U17 2022 (3)}) 18. Bd3 Rhe8 19. Qg5 Kf8 (19... Qc5 {with more complications.} 20. Be4 Rad8 21. h3 Rh8) 20. h3 (20. Bf5 $11) 20... d5 $15 21. Bf5 Qd6 22. g4 g6 $36 {[%emt 0:02:01][%mdl 2048] Black has some pressure.} 23. Bd3 {[%emt 0:06:17] [#]} Rac8 (23... Kg7 $1 $17 24. c3 Rac8) 24. Rhg1 (24. Qh6+ $1 $11 Ke7 25. Qg5) 24... hxg4 25. fxg4 (25. Qh6+ $17 {is a better defense.} Ke7 26. hxg4) 25... e4 $19 26. Be2 Qe5 ({And not} 26... Qc6 27. c3 $17) ({Better is} 26... e3 $19 {Strongly threatening ...Kg7.} 27. h4 Kg7) 27. Qe3 Red8 {[%emt 0:06:36][%cal Be8d8,Bd8d6,Bd6c6][%mdl 32] Hoping for ...d4.} 28. Rd4 (28. Rgf1 $17) 28... Ne8 ({Worse is} 28... Qc7 29. c3 $15) 29. h4 Nc7 30. h5 (30. Rf1 $17) 30... Ne6 31. Rdd1 g5 32. Qa3+ (32. Rge1 {was worth a try.}) 32... Rd6 33. Rge1 Kg8 34. Rf1 (34. c3 {might work better.}) 34... Nf4 35. Rfe1 Rdc6 36. c3 Qc7 (36... e3 $142 37. Qb3 d4) 37. Qb4 (37. Qb3 $142) 37... Qa7 (37... Nxe2 $142 38. Rxe2 Rc4) 38. Rd4 {[%emt 0:01:24] Prevents Rc4} (38. Qd4 Qe7 39. Rd2) 38... Nxe2 39. Rxe2 a5 ({Don't blunder} 39... Rc4 $2 40. Rxc4 dxc4 41. Qd6 Qg1+ 42. Kc2 Qxg4 43. Qd2 $19) 40. Qxb5 {[%emt 0:01:16] [#]} Qxd4 $3 {[%emt 0:00:16][%mdl 576] Back Rank} 41. cxd4 (41. Re1 Rb6) 41... Rc1# {[%emt 0:00:08] Artfully played by Clarke.   Weighted Error Value: White=0.79/Black=0.24 (precise)} 0-1

[Event "Oceania Zonal Open 2023"]
[Site "Melbourne"]
[Date "2023.01.26"]
[Round "6.1"]
[White "Gong, Patrick"]
[Black "Kuybokarov, Temur"]
[Result "1/2-1/2"]
[ECO "C47"]
[WhiteElo "2292"]
[BlackElo "2558"]
[Annotator "TA"]
[PlyCount "60"]
[EventDate "2023.01.09"]
[EventType "swiss"]
[EventCountry "AUS"]
[SourceTitle "playchess.com"]
[Source "ChessBase"]
[SourceQuality "1"]
[TimeControl "5400+30"]

1. e4 e5 2. Nf3 Nc6 3. Nc3 Nf6 4. d4 Bb4 5. dxe5 Nxe4 6. Bd2 {[%emt 0:00:58] C47: Scotch Four Knights and Four Knights with 4 g3.} Bxc3 7. bxc3 Qe7 {[%emt 0:09:07] [#]} 8. Be3 $146 {[%emt 0:16:54] Black is better.} ({Predecessor:} 8. Bd3 Nxd2 9. Qxd2 Nxe5 10. O-O-O O-O 11. Rde1 Nxd3+ 12. Qxd3 Qa3+ 13. Kd2 d5 14. Re5 c6 15. h4 Qd6 16. h5 f6 17. h6 fxe5 18. hxg7 Rf5 19. Nh4 Qh6+ {0-1 Lopez Ruiz,J (1796)-Labiano Hernandez,J (2176) ESP-ch U16 Salobrena 2020 (6)}) 8... Nxc3 ({Of course not} 8... Nxe5 $6 9. Qd4 Nxf3+ 10. gxf3 $11) 9. Qd3 Na4 {[%emt 0:04:10] Excellent horsemanship.} 10. Be2 Nc5 ({But not} 10... Nxe5 11. Qd4 $16) 11. Qa3 b6 12. O-O Ne6 (12... Nxe5 $2 13. Bxc5 Qxc5 14. Qxc5 bxc5 15. Nxe5 $18) 13. Qa4 Bb7 14. Rad1 O-O-O 15. Bc4 Qb4 16. Qb3 Qe7 ({Black should play} 16... Qxb3 $17 17. axb3 h6) 17. Bd5 (17. Qa4 $1 $11) 17... Na5 18. Qc3 f5 19. exf6 gxf6 20. Nh4 Bxd5 ({Better is} 20... Kb8 $15) 21. Nf5 $11 Qf8 22. Rxd5 Nc6 23. Qc4 (23. Rb1 $11) 23... Qa3 {[%emt 0:01:36] [#]} (23... Kb7 $1 $15) 24. Rxd7 $1 $14 {[%emt 0:01:20][%mdl 64] Discovered Attack} Ne5 25. Rxd8+ Nxd8 26. Qh4 (26. Qb3 {simplifies} Qxb3 27. axb3 Nec6 28. f3) 26... Rf8 27. Qxh7 Qxa2 28. h4 Rf7 29. Qg8 {[%emt 0:00:32] [#] aiming for Rd1.} Qe6 $1 (29... Qxc2 $2 30. Nd6+ cxd6 31. Rc1 $18) 30. Rd1 Rd7 {[%emt 0:00:33] An exciting game.   Weighted Error Value: White=0.14 (very precise) /Black=0.15 (very precise)} 1/2-1/2

[Event "Oceania Zonal Open 2023"]
[Site "Melbourne"]
[Date "2023.01.26"]
[Round "6.2"]
[White "Zhao, Zong-Yuan"]
[Black "Fu, Yihe"]
[Result "1-0"]
[ECO "A19"]
[WhiteElo "2488"]
[BlackElo "2149"]
[Annotator "TA"]
[PlyCount "59"]
[EventDate "2023.01.09"]
[EventType "swiss"]
[EventCountry "AUS"]
[SourceTitle "playchess.com"]
[Source "ChessBase"]
[SourceQuality "1"]
[TimeControl "5400+30"]

1. c4 Nf6 2. Nc3 e6 3. e4 c5 4. e5 Ng8 5. Nf3 Nc6 6. d4 cxd4 7. Nxd4 Nxe5 8. Ndb5 a6 9. Nd6+ Bxd6 10. Qxd6 Ng6 {[%emt 0:03:42] A19: English Opening: Flohr-Mikenas System with 3...c5.} (10... f6 $11 {keeps the balance.}) 11. Be3 $16 Qe7 12. Qb6 {[%emt 0:02:47] [#] aiming for Ne4.} Qd8 {[%emt 0:03:45] [#] White is better.} 13. Qxd8+ $146 ({Predecessor:} 13. Qb4 N8e7 14. Bc5 O-O 15. h4 Nc6 16. Qb3 Re8 17. O-O-O f5 18. Na4 Qa5 19. h5 {0-1 Vogel,C-Dickl,E GER-chT 2BK Gr09 Br2 corr 1995}) 13... Kxd8 14. Bb6+ Ke7 15. O-O-O {[%emt 0:00:11][%mdl 1024] White has strong compensation.} Nf6 16. Bc5+ Kd8 17. g3 Ne8 {[%emt 0:02:27] Black is weak on the dark squares} (17... b5 $142) 18. Bb6+ Ke7 19. c5 Ne5 20. f4 Ng4 21. Rd2 $36 {[%emt 0:04:22][%mdl 2048] Inhibits Nf2. White has strong initiative.} f5 22. Be2 Nh6 (22... a5 $16 23. Bf3 h5) 23. Rhd1 Nf7 (23... Ng4 $16 24. Rh1 h5) 24. a4 (24. Na4 $18) 24... Rg8 25. Bf3 {[%emt 0:05:28][%cal Of3b7] Bxb7! is the strong threat. White has more active pieces.} g6 $2 {[%emt 0:06:14][%mdl 8192] [#] A mistake that costs the game.} (25... Nd8 $16 26. Nb1 Nc6) 26. Bxb7 $1 $18 {[%emt 0:00:48][%mdl 576] Decoy. White is clearly winning.} Bxb7 (26... Rb8 27. Bxc8) 27. Rxd7+ Kf8 {[%emt 0:01:12] And now ...Bc6 would win.} 28. Rxb7 Rg7 29. Rdd7 Nf6 30. Re7 {[%emt 0:03:29] Weighted Error Value: White=0.17 (very precise) /Black=0.41} 1-0

[Event "Oceania Zonal Open 2023"]
[Site "Melbourne"]
[Date "2023.01.26"]
[Round "6.3"]
[White "Papantoniou, John"]
[Black "Sardana, Rishi"]
[Result "0-1"]
[ECO "A21"]
[WhiteElo "2067"]
[BlackElo "2459"]
[Annotator "TA"]
[PlyCount "62"]
[EventDate "2023.01.09"]
[EventType "swiss"]
[EventCountry "AUS"]
[SourceTitle "playchess.com"]
[Source "ChessBase"]
[SourceQuality "1"]
[TimeControl "5400+30"]

1. c4 e5 2. Nc3 Bb4 3. e4 d6 4. Nge2 Nc6 5. a3 Bc5 6. b4 {[%emt 0:03:43] A21: English Opening: 1...e5 2 Nc3.} Bb6 {[%emt 0:00:10] [#]} 7. Nd5 $146 ({Predecessor:} 7. d3 f5 8. exf5 Bxf5 9. Be3 Nf6 10. Ng3 Be6 11. Be2 O-O 12. O-O Qd7 13. Na4 {½-½ Formento,P (2329)-Bjerre,J (2549) Bassano del Grappa GM Mix 2nd 2021 (8)}) 7... Nge7 8. Nxb6 {[%emt 0:04:00] The position is equal.} axb6 $40 {[%emt 0:00:44][%mdl 128] White needs to defend precisely.} 9. b5 Na5 10. Ng3 Be6 11. d4 Bxc4 (11... Nxc4 $2 12. d5 $18) 12. Bxc4 Nxc4 13. Qc2 Na5 (13... d5 $5 14. dxe5 h5 $15) 14. Bb2 f6 15. O-O {[%emt 0:00:24] Black must now prevent dxe5.} O-O 16. f4 (16. dxe5 $11 fxe5 17. Rac1) 16... exf4 $17 17. Rxf4 d5 18. exd5 Nxd5 19. Rf3 Qd7 20. Raf1 (20. Qd3 $17) 20... Rae8 ({Black should try} 20... Qxb5 $19 {aiming for ...Rfe8.} 21. Ne4 Nc4) 21. Bc1 {[%emt 0:01:16] Loses the game.} (21. Qd3 $17) 21... Qxb5 $19 22. Nf5 Qe2 23. Qb1 g6 24. Bh6 Rf7 ({Much less strong is} 24... gxf5 25. Rg3+ Kh8 26. Bg7+ Kg8 27. Qxf5 $18 (27. Bxf8+ Kxf8 28. Qxf5 Qe4 $11) (27. Bxf6+ Kf7 $14) (27. Bxf8+ Kxf8 28. Qxf5 Qe4 $11) (27. Bxf6+ Kf7 $11)) 25. Ng3 Qc4 26. Kh1 Nc6 27. Ne4 Nxd4 {[%emt 0:04:46] Black is clearly winning.} (27... Qxd4 $2 {perishes.} 28. Ng5 Rd7 29. Nh3 $19) 28. Nxf6+ (28. Nd2 $142 Qa4 29. Rd3) 28... Nxf6 29. Rxf6 Rxf6 30. Rxf6 Nf5 31. h3 Nxh6 {[%emt 0:01:05] Weighted Error Value: White=0.56/Black=0.13 (very precise)} 0-1

[Event "Oceania Zonal Open 2023"]
[Site "Melbourne"]
[Date "2023.01.26"]
[Round "6.4"]
[White "Lane, Gary W"]
[Black "Solomon, Stephen J"]
[Result "1-0"]
[ECO "B33"]
[WhiteElo "2343"]
[BlackElo "2279"]
[Annotator "TA"]
[PlyCount "91"]
[EventDate "2023.01.09"]
[EventType "swiss"]
[EventCountry "AUS"]
[SourceTitle "playchess.com"]
[Source "ChessBase"]
[SourceQuality "1"]
[TimeControl "5400+30"]

1. e4 c5 2. Nf3 Nc6 3. d4 cxd4 4. Nxd4 Nf6 5. Nc3 e5 6. Ndb5 d6 7. Bg5 a6 8. Na3 Be7 9. Nc4 O-O 10. Bxf6 Bxf6 {[%emt 0:00:10] B33: Sicilian: Pelikan and Sveshnikov Variations.} 11. Qxd6 Be6 12. Qxd8 Raxd8 {[%emt 0:08:11] White is slightly better.} 13. Ne3 Bg5 {[%emt 0:13:32] [#]} 14. Bd3 $146 ({Predecessor:} 14. Ned5 Bxd5 15. Nxd5 Nb4 16. Nxb4 Bd2+ 17. Ke2 Bxb4 18. Rd1 Bc5 19. f3 Bd4 20. c3 {1-0 Clarke,B (2400)-Watson,B (2278) George Trundle IM 2019 (3)}) 14... g6 15. Ned5 f5 16. h4 Bh6 17. h5 {[%emt 0:00:06] [#] Nc7 is the strong threat.} Bg5 (17... Kg7 $14) 18. f3 Kg7 19. Nc7 Bg8 20. Rd1 Nb4 21. hxg6 (21. N3d5 {keeps more tension.} Nxd5 22. exd5 Rf6 23. hxg6 hxg6 24. g4) 21... hxg6 22. a3 (22. N3d5 $11 {might be stronger.} Nxd5 23. exd5) 22... Nxd3+ $15 23. Rxd3 fxe4 (23... Rxd3 $17 24. cxd3 Rc8) 24. fxe4 $11 (24. Nxe4 $2 {too greedy.} Rxd3 25. cxd3 Bd8 26. Nxa6 (26. Na8 $2 b6 $19) 26... bxa6 $19) 24... Bc1 {[%emt 0:06:39] A strong pair of Bishops.} 25. N3d5 {[%emt 0:02:47] White wants to play Rb3.} Rd7 $1 26. Rb3 (26. Ke2 $11 Bxb2 27. Rb1 Bxd5 28. Nxd5) 26... b5 $2 (26... Rxc7 $1 $15 {stays ahead.} 27. Nxc7 Bxb3 28. cxb3 Rc8) 27. Nxa6 $16 {[%emt 0:11:37] Hoping for Ke2.} Bxd5 {[%emt 0:00:12] A mistake that costs the game.} (27... Rc8 $16) 28. exd5 $18 Rc8 {[%emt 0:01:30] Prevents Nc5} (28... Rxd5 $142 29. Nc7 Rd6) 29. Nb4 {[%emt 0:06:11] Rbh3 would be deadly.} ({Weaker is} 29. Rxb5 Rxc2 30. Nc5 Rxd5 31. Ne6+ Kf7 32. Rxd5 Kxe6 $16) 29... Rc4 30. Rbh3 {[%emt 0:05:39] Prevents Bg5} Kf6 $2 (30... Rd6 31. Nd3 (31. Rh7+ Kg8 $16) 31... Bf4) 31. O-O+ Bf4 32. g3 {[%emt 0:00:22][%mdl 64] [#] Pin} g5 33. gxf4 exf4 34. Rh6+ Kf5 35. Re1 Rd4 36. Kf2 Rd2+ 37. Re2 Rd1 38. Nc6 {[%emt 0:01:35] Prevents Rd4. And now Re5+ would win.} R7xd5 39. Ne7+ Kg4 40. Nxd5 Rxd5 41. b3 Rd4 42. Rh1 f3 43. Ke3 fxe2 44. Kxd4 {[%emt 0:00:04] White mates.} Kf3 45. Kd3 g4 46. Re1 {[%emt 0:00:05] Weighted Error Value: White=0.24 (precise) /Black=0.47} 1-0

[Event "Oceania Zonal Open 2023"]
[Site "Melbourne"]
[Date "2023.01.26"]
[Round "6.5"]
[White "Morris, James"]
[Black "Bayaca, Sterling"]
[Result "1/2-1/2"]
[ECO "C84"]
[WhiteElo "2456"]
[BlackElo "2054"]
[Annotator "TA"]
[PlyCount "112"]
[EventDate "2023.01.09"]
[EventType "swiss"]
[EventCountry "AUS"]
[SourceTitle "playchess.com"]
[Source "ChessBase"]
[SourceQuality "1"]
[TimeControl "5400+30"]

1. e4 e5 2. Nf3 Nc6 3. Bb5 a6 4. Ba4 Nf6 5. O-O Be7 6. d3 d6 7. c4 O-O {[%emt 0:00:21] C84: Closed Ruy Lopez: Unusual White 6th moves.} 8. h3 h6 9. Nc3 Nh7 10. d4 {[%emt 0:06:44] [#]} Nxd4 $146 ({Predecessor:} 10... Bf6 11. Bxc6 bxc6 12. dxe5 dxe5 13. Qa4 Qd6 14. b3 Be7 15. Qa5 Qb4 16. Qxb4 Bxb4 {1-0 Tirard,H (2443)-Plachetka,J (2351) Avoine op 25th 2010 (4)}) 11. Nxd4 exd4 12. Qxd4 Bd7 13. Bc2 Re8 14. Nd5 {[%emt 0:12:01] White is more active.} Nf6 15. Nxe7+ Qxe7 16. Re1 Bc6 17. Bf4 Nd7 (17... Nxe4 $2 18. Bxe4 Bxe4 19. f3 $18) (17... Nh5 $5 18. Be3 Qh4 $11) 18. Qd3 ({Better is} 18. Re3 $14) 18... Ne5 (18... Qf6 $5 19. e5 Nxe5 20. Qh7+ Kf8 $11) 19. Qg3 (19. Qc3 $11) 19... Ng6 20. Bd2 Qe5 21. Qc3 Re7 22. Re3 Qxc3 23. Bxc3 Rae8 24. Rae1 Ne5 25. b3 Nd7 26. Bd4 a5 27. f3 b6 28. Kf2 f6 29. Rg1 Nf8 30. Ree1 Kf7 31. h4 Ne6 32. Be3 Ra8 33. g4 Ree8 34. Bd2 Rab8 35. h5 Red8 36. Rc1 Ra8 37. Rge1 Rdb8 38. f4 Rd8 39. Kg3 Rd7 40. Bc3 Nc5 41. e5 dxe5 42. fxe5 fxe5 (42... Rd3+ $16 {might work better.} 43. Kh4 (43. Bxd3 Nxd3 44. exf6 gxf6 $16) 43... Bg2 44. Bxd3 Nxd3) 43. Rxe5 $18 {[%emt 0:01:16] [#] Strongly threatening Bh7.} (43. Bxe5 Nd3 $14) 43... Rad8 44. Bh7 {[%emt 0:01:55] Prevents Rd3+.} (44. Bg6+ $18 Kf8 45. Rf1+ Kg8 46. Re3) 44... Rd3+ 45. Kh2 (45. Bxd3 $16 Rxd3+ 46. Kh4) 45... Rf3 $14 {[%emt 0:01:15] [#]} 46. Rce1 Be4 $11 47. Bg6+ (47. Bxe4 {simplifies} Nxe4 48. R5xe4 Rxc3 49. Re7+) 47... Bxg6 (47... Kg8 $5 ) 48. Re7+ {[%emt 0:00:01] The position is equal.} Kf8 $1 {[%emt 0:00:14] Threatens to win with ...Be4.} (48... Kg8 $2 49. hxg6 Rdd3 50. Be5 $18 (50. Bxg7 Rh3+ 51. Kg2 Rdg3+ 52. Kf2 Nd3+ 53. Ke2 Rf3 $11) (50. Rxg7+ Kf8 $16)) 49. Bxg7+ Kg8 {[%emt 0:00:01] And now ...Rd2+ would win.} 50. Bxh6 (50. hxg6 $5 Rd2+ $8 51. Kg1 Rg3+ 52. Kh1 Rh3+ 53. Kg1 Rg3+ 54. Kh1 Rh3+ 55. Kg1 Rg3+ $11) 50... Rdd3 {[%emt 0:01:09] Hoping for ...Rh3+.} 51. Rg7+ ({Much worse is} 51. hxg6 Rh3+ 52. Kg2 Rdg3+ 53. Kf1 Rxh6 54. Rxc7 Rf3+ 55. Kg2 Rf8 $17) 51... Kh8 {[%emt 0:00:07] ( -> ...Rh3+)} 52. Rxg6 {[%emt 0:00:01] Re8+ is the strong threat.} Rh3+ 53. Kg2 (53. Kg1 $5 Rhg3+ $8 54. Kf2 Rgf3+ 55. Kg2 Rg3+ 56. Kh2 Rh3+ 57. Kg2 Rhg3+ 58. Kh1 Rh3+ 59. Kg2 Rhg3+ $11) 53... Rhg3+ $1 54. Kf2 (54. Kf1 $5 Rgf3+ $8 55. Kg2 Rg3+ 56. Kh1 Rh3+ 57. Kg1 Rhg3+ 58. Kh2 Rh3+ 59. Kg2 Rhg3+ $11) 54... Rgf3+ $1 55. Kg2 (55. Kg1 $5 Rg3+ $8 56. Kh2 Rh3+ 57. Kg2 Rhg3+ 58. Kh1 Rh3+ 59. Kg2 $11) 55... Rg3+ 56. Kf2 (56. Kf1 $5 Rgf3+ $8 57. Kg2 Rg3+ $11) 56... Rgf3+ $1 {[%emt 0:00:23] Weighted Error Value: White=0.15 (very precise) /Black=0.12 (very precise)} 1/2-1/2

[Event "Oceania Zonal Open 2023"]
[Site "Melbourne"]
[Date "2023.01.26"]
[Round "6.6"]
[White "Soo, Kai Jie"]
[Black "Bjelobrk, Igor"]
[Result "0-1"]
[ECO "D12"]
[WhiteElo "2046"]
[BlackElo "2405"]
[Annotator "TA"]
[PlyCount "112"]
[EventDate "2023.01.09"]
[EventType "swiss"]
[EventCountry "AUS"]
[SourceTitle "playchess.com"]
[Source "ChessBase"]
[SourceQuality "1"]
[TimeControl "5400+30"]

1. d4 d5 2. c4 c6 3. Nf3 Nf6 4. e3 Bf5 5. Qb3 Qc7 6. Nc3 e6 7. Nh4 {[%emt 0:00:11] now scores much better than the old 7.Bd2. D12: Slav Defence: 3 Nf3 Nf6 4 e3 Bf5.} Be4 8. Nxe4 Nxe4 9. Nf3 {[%emt 0:00:11] The position is equal.} Qa5+ 10. Bd2 Nxd2 11. Nxd2 {[%emt 0:00:09] [#]} Nd7 $146 ({Predecessor:} 11... Bb4 12. Rd1 Nd7 13. a3 Bxd2+ 14. Rxd2 Rb8 15. Be2 O-O 16. Qc2 Rfe8 17. O-O dxc4 18. Bxc4 {1-0 Lampert,J (2510)-Karlsson,B (2315) PRO League Central rapid 2017 (1)}) 12. cxd5 (12. Qxb7 $2 {perishes.} Rb8 13. Qxc6 Bb4 $19) 12... cxd5 13. Bb5 {[%emt 0:02:17] [#] And now Bxd7+ would win.} Bb4 14. Bxd7+ Kxd7 15. Qd3 Rac8 16. Ke2 Bxd2 17. Qxd2 Qa6+ 18. Kf3 Rc6 19. Rhc1 Rhc8 20. Rc3 Qa5 (20... Rxc3 $15 {should be considered.} 21. bxc3 Ke7) 21. Rac1 $11 Qxa2 22. Ra3 Qxa3 23. Rxc6 Qb3 24. Rxc8 Kxc8 $15 {[%emt 0:00:03][%mdl 4096] Endgame KQ-KQ} 25. Qa5 $1 Kd7 26. Qxa7 Qxb2 27. Qc5 Qb1 28. Qf8 Qf5+ 29. Kg3 (29. Ke2 $11) 29... Qg6+ 30. Kf3 h5 (30... Qh5+ $15 31. Kg3 Qg6+ 32. Kf3 Qh5+ 33. Kg3 Qg6+) 31. g3 $11 Qf5+ 32. Ke2 b6 33. Qb8 (33. Qxg7 Qg4+ 34. Qxg4 hxg4 $19) 33... Qc2+ 34. Kf3 Qb1 35. Qf8 Qf5+ 36. Ke2 g6 37. h4 Qf6 38. Qb8 Qd8 $1 39. Qa7+ Qc7 40. Qa4+ Ke7 {[%emt 0:00:05] [#] ...Qc4+ is the strong threat.} 41. Kf3 Kf6 42. Qb5 Kg7 43. Qa6 Qb8 44. Qb5 Qa7 45. g4 $2 (45. Qe8 $17) 45... hxg4+ $2 (45... Qa1 $19 {has better winning chances.} 46. Kg2 Qd1 47. gxh5 Qg4+ 48. Kf1 gxh5 49. Qxb6 Qh3+ 50. Ke2 Qxh4) 46. Kxg4 $17 Qa5 47. Qb1 (47. Qc6 $17) 47... b5 $19 {[%emt 0:00:45][%cal Bb6b5,Bb5b4,Bb4b3][%mdl 32] Strongly threatening ...b4.} 48. h5 gxh5+ 49. Kxh5 b4 {[%emt 0:00:04] White must now prevent ...Qb5.} 50. Qd1 Qb6 {[%emt 0:00:36] ( -> ...b3)} 51. Qb3 Qb5 {[%emt 0:00:06] Black mates.} 52. Kg5 Qc4 53. Qd1 b3 54. Qh5 Qc2 55. Qh6+ Kg8 56. Kh4 Qh7 {[%emt 0:00:12] Weighted Error Value: White=0.50/Black=0.10 (very precise)} 0-1

[Event "Oceania Zonal Open 2023"]
[Site "Melbourne"]
[Date "2023.01.26"]
[Round "6.7"]
[White "Kelly, Adam"]
[Black "Liu, Yi"]
[Result "0-1"]
[ECO "D30"]
[WhiteElo "2006"]
[BlackElo "2303"]
[Annotator "TA"]
[PlyCount "67"]
[EventDate "2023.01.09"]
[EventType "swiss"]
[EventCountry "AUS"]
[SourceTitle "playchess.com"]
[Source "ChessBase"]
[SourceQuality "1"]
[TimeControl "5400+30"]

1. d4 d5 2. c4 e6 3. Nf3 c6 4. g3 dxc4 5. Bg2 b5 6. Ne5 {[%emt 0:00:07] D30: Queen's Gambit Declined: Systems without Nc3.} Bb7 7. O-O Nd7 8. Nc3 {[%emt 0:05:19] White is slightly better.} (8. Nxc6 Qb6 9. Ne5 (9. d5 exd5 10. Nd4 Bc5 $15) 9... Bxg2 10. Kxg2 Rd8 $11) 8... a6 {[%emt 0:09:23] [#]} 9. Ne4 $146 (9. Nxc6 $5 Qc8 10. d5 $14) ({Predecessor:} 9. Nxc6 Qb6 10. Be3 Ngf6 11. d5 Bc5 12. dxe6 fxe6 13. Bxc5 Qxc5 {½-½ Can,E (2606)-Adhiban,B (2598) Novi Sad Serbia op-A 2022 (5)}) 9... Ngf6 10. b3 (10. Nxf6+ $11 Nxf6 11. b3 (11. Bxc6+ Bxc6 12. Nxc6 Qc7 $15) (11. Nxc6 Qb6 $15)) 10... Nxe4 $15 11. Bxe4 Nxe5 12. dxe5 Qxd1 13. Rxd1 c3 14. a3 a5 15. Be3 {[%emt 0:01:00] Prevents Bc5} Be7 16. Rdc1 ({White should play} 16. Kf1 $11) 16... b4 (16... f5 $15 17. exf6 Bxf6) 17. axb4 $11 axb4 18. Rxa8+ Bxa8 19. Ra1 $1 O-O $1 20. Ra7 Re8 21. Rc7 (21. Kf1 $11 {remains equal.}) 21... f5 $17 22. exf6 gxf6 23. Bf3 {[%emt 0:16:59][%cal Of3h5] [#] aiming for Bh5!} Bf8 (23... c5 $142 $1 {Strongly threatening ...Bd6.} 24. Bxa8 (24. Bxc5 $2 {loses.} Bxc5 25. Rxc5 Bxf3 $19) 24... Rxa8 25. Rxe7 c4) 24. Bh5 $2 {[%emt 0:15:39] Loses the game.} (24. Ra7 $17 {was the only defense.}) 24... Rd8 $19 {[%emt 0:03:27][%cal Oc6c5] And now ...c5! would win.} 25. Bf7+ Kh8 {[%emt 0:00:22][%cal Oc6c5] Threatens to win with ...c5!} 26. Bxe6 {[%emt 0:00:38] [#]} c5 $1 27. f3 $2 (27. f4 Re8 28. f5) 27... Re8 {[%emt 0:11:45] Black is clearly winning.} 28. Kf2 (28. Rc8 $142 Rxc8 29. Bxc8) 28... Rxe6 29. Rc8 {[%emt 0:00:18] [#]} Kg7 $1 30. Rxa8 {[%emt 0:00:08] [#]} (30. g4 Bc6) 30... c4 $1 31. bxc4 (31. Ra7+ Kg6) 31... b3 {[%emt 0:00:06][%cal Oe6e3] White must now prevent ...Rxe3!} 32. Rb8 {[%emt 0:01:06] [#]} Rxe3 $1 {[%emt 0:02:45][%mdl 576] Promotion} 33. Kxe3 c2 34. Rxf8 {[%emt 0:03:38] Weighted Error Value: White=1.06/Black=0.07 (flawless)} 0-1